 Dungeon Crawl Stone Soup version 0.28-a0-779-g3d1f99b579 (webtiles) character file.

Game seed: 3539651473251400168

2548 gimp the Carver (level 9, 0/81 HPs)
             Began as a Tengu Cinder Acolyte on Nov 2, 2021.
             Was a High Priest of Ignis.
             Succumbed to a water moccasin's poison
             ... on level 7 of the Dungeon.
             The game lasted 00:23:18 (11939 turns).

gimp the Carver (Tengu Cinder Acolyte)             Turns: 11939, Time: 00:23:19

Health: 0/81       AC: 24    Str: 13 (16) XL:     9   Next: 56%
Magic:  2/11       EV:  2    Int: 13 (15) God:    Ignis [*****.]
Gold:   432        SH:  5    Dex: 11      Spells: 8/10 levels left

rFire   + . .      SeeInvis .   a - -1 falchion (flame)
rCold   . . .      Faith    .   (no shield)
rNeg    . . .      Spirit   .   (armour currently unavailable)
rPois   +          Reflect  +   (helmet currently unavailable)
rElec   .          Harm     .   (cloak currently unavailable)
rCorr   .          Rampage  .   (gloves currently unavailable)
Will    .....      NoTele   +   (boots unavailable)
Stlth   ++........              m - amulet of reflection
HPRegen 0.23/turn               (no ring)
MPRegen 0.12/turn               (no ring)

@: lethally poisoned (0 -> -3), tree-form, very slightly contaminated
A: stationary, stasis, torment immunity, boosted hp, (beak), (talons 3), nimble
flight
a: Renounce Religion, Sea of Fire, Foxfire Swarm, Rising Flame


You were on level 7 of the Dungeon.
You worshipped Ignis.
Ignis was extremely pleased with you.
You were a tree.
You visited 2 branches of the dungeon, and saw 8 of its levels.

You collected 432 gold pieces.

Inventory:

Hand Weapons
 a - a -1 falchion of flaming (weapon)
 b - a +0 shortbow
Missiles
 f - 65 poisoned darts
 q - 8 curare-tipped darts
 u - 171 arrows
Armour
 c - the +0 chain mail of the Slorg {rElec rPois Dex+3 Stlth+}
   (You found it on level 6 of the Dungeon)

   Dex:       It affects your dexterity (+3).
   rElec:     It insulates you from electricity.
   rPois:     It protects you from poison.
   Stlth:     It makes you more stealthy.
 n - a +0 ring mail (melded)
Jewellery
 m - an amulet of reflection (around neck)
 r - a ring of fire
 x - an amulet of magic regeneration
 y - a +4 ring of protection
Wands
 d - a wand of polymorph (3)
Scrolls
 e - 5 scrolls of fog {unknown}
 g - 2 scrolls of enchant armour
 j - 3 scrolls of enchant weapon {unknown}
 l - a scroll of fear {unknown}
 p - a scroll of silence
 s - 3 scrolls of teleportation
 t - a scroll of blinking {unknown}
 v - a scroll of amnesia
 w - a scroll of holy word
Potions
 h - a potion of attraction
 i - a potion of lignification


   Skills:
 - Level 5.0 Fighting
 * Level 11.5 Long Blades
 * Level 3.0 Bows
 - Level 5.1 Throwing
 + Level 1.9 Stealth
 - Level 1.0 Spellcasting
 - Level 3.2 Fire Magic


You had 8 spell levels left.
You knew the following spells:

 Your Spells              Type           Power      Damage    Failure   Level
a - Scorch                Fire           18%        2d5       11%         2

Your spell library contained the following spells:

 Spells                   Type           Power      Damage    Failure   Level
 Magic Dart               Conj           0%         1d3       28%         1
 Call Imp                 Summ           0%         N/A       38%         2
 Corpse Rot               Necr/Air       0%         N/A       38%         2
 Poisonous Vapours        Pois/Air       0%         N/A       38%         2
 Ignite Poison            Fire/Tmut/Pois 3%         N/A       47%         3
 Mephitic Cloud           Conj/Pois/Air  0%         N/A       63%         3
 Portal Projectile        Hex/Tloc       0%         N/A       63%         3
 Blade Hands              Tmut           0%         N/A       100%        5
 Excruciating Wounds      Necr           0%         N/A       100%        5
 Freezing Cloud           Conj/Ice/Air   0%         6-21      100%        5


Dungeon Overview and Level Annotations

Branches:
Dungeon (7/15)             Temple (1/1) D:4

Altars:
Ashenzari
Cheibriados
Dithmenos
Elyvilon
Gozag
Hepliaklqana
Kikubaaqudgha
Makhleb
Ru
Trog
Uskayaw
Vehumet
Wu Jian
Xom
Zin
The Shining One

Annotations:
D:5 2 transporters, SirDiesAlot's ghost, amateur MiDe


Innate Abilities, Weirdness & Mutations

You are a tree.
Your roots penetrate the ground, keeping you stationary.
You cannot be teleported.
You are immune to unholy pain and torment.
Your maximum health is greatly increased.
Your equipment is partially melded.
((You have a beak for a mouth.))
((You have claws for feet.))
Your magical nature lets you fly swiftly and evasively.


Message History

You take 6 damage, and have 14/54 hp.
Okay, then.
Okay, then.
Okay, then.
Okay, then.
Casting: Scorch (dangerous; 24% risk of failure)
Confirm with . or Enter, or press ? or * to list all spells.
Flames lash the water moccasin.
The water moccasin is burned terribly!
You kill the water moccasin!
* * * LOW HITPOINT WARNING * * *
You feel very sick.
You feel your dexterity returning.
Your Bows skill increases to level 3!
You take 4 damage, and have 10/54 hp.
You now have 1/11 mp.
Really quaff the potion of lignification?
You turn into a tree.
Your +0 ring mail melds into your body.
Your roots penetrate the ground.
* * * LOW HITPOINT WARNING * * *
You feel very sick.
You now have 11/81 hp.
There is a lethal amount of poison in your body!
* * * LOW HITPOINT WARNING * * *
You feel very sick.
You take 3 damage, and have 8/81 hp.
* * * LOW HITPOINT WARNING * * *
You feel sick.
You take 2 damage, and have 6/81 hp.
* * * LOW HITPOINT WARNING * * *
You feel sick.
You take 1 damage, and have 5/81 hp.
* * * LOW HITPOINT WARNING * * *
You feel sick.
You take 2 damage, and have 3/81 hp.
* * * LOW HITPOINT WARNING * * *
You feel sick.
You take 1 damage, and have 2/81 hp.
* * * LOW HITPOINT WARNING * * *
You feel sick.
You take 1 damage, and have 1/81 hp.
You die...

# .# . .###
#####... #$#
.....
#...###†###
#....♣...#
#.###..#.####.#
#.# #.........#
...###.(#.######
#..>.....#
#.####.####
#.#.......#
#.#.##........
#....####.##..


There were no monsters in sight!

Vanquished Creatures
  Edmund (D:4)
  3 water moccasins
  2 sky beasts (D:5)
  2 ogres
  2 black bears
  A hornet zombie (D:5)
  A centaur (D:6)
  3 bullfrogs
  2 scorpions
  3 water moccasin zombies (D:5)
  2 water moccasin skeletons (D:5)
  A centaur zombie (D:5)
  5 orc priests
  A hound (D:6)
  2 bullfrog skeletons (D:5)
  A gnoll shaman (D:6)
  3 centaur skeletons
  Ijyb (D:3)
  Jessica (D:3)
  An iguana (D:5)
  An orc wizard (D:6)
  2 killer bee zombies
  2 hound zombies (D:5)
  A hound skeleton (D:3)
  A howler monkey zombie (D:5)
  8 gnolls
  4 adders
  A shadow imp (D:6)
  2 ufetubi
  An adder zombie (D:5)
  2 adder skeletons (D:4)
  2 worms
  4 dart slugs
  19 orcs
  7 bats
  7 endoplasms
  4 giant cockroaches
  5 goblins
  6 hobgoblins
  A jackal (D:1)
  A quokka (D:4)
  4 ball pythons
  3 frilled lizards
  12 kobolds
  8 rats
146 creatures vanquished.

Vanquished Creatures (others)
  14 foxfires (D:6)
  2 withered plants (D:5)
16 creatures vanquished.

Grand Total: 162 creatures vanquished

Notes
Turn   | Place    | Note
-------+----------+-------------------------------------------
     0 | D:1      | gimp the Tengu Cinder Acolyte began the quest for the Orb.
     0 | D:1      | Reached XP level 1. HP: 14/14 MP: 3/3
   345 | D:1      | Reached XP level 2. HP: 10/19 MP: 4/4
   651 | D:1      | Found a faded altar of an unknown god.
  1316 | D:1      | Reached XP level 3. HP: 24/24 MP: 5/5
  1322 | D:1      | You fall into a shaft and drop 1 floor!
  2324 | D:2      | Reached skill level 4 in Long Blades
  2324 | D:2      | Reached XP level 4. HP: 15/29 MP: 6/6
  2815 | D:3      | Learned a level 2 spell: Scorch
  2862 | D:3      | Found a large runed translucent door.
  2863 | D:3      | Found a large runed translucent door.
  3040 | D:3      | Noticed Ijyb
  3112 | D:3      | Killed Ijyb
  3256 | D:3      | Noticed Jessica
  3259 | D:3      | Killed Jessica
  3260 | D:3      | Reached skill level 5 in Fighting
  3260 | D:3      | Gained mutation: Your magical nature lets you fly swiftly
                  | and evasively. [Tengu growth]
  3260 | D:3      | Reached XP level 5. HP: 16/35 MP: 7/7
  4060 | D:3      | Found a shadowy altar of Dithmenos.
  4066 | D:3      | Found a white marble altar of Elyvilon.
  4140 | D:4      | Found a staircase to the Ecumenical Temple.
  4149 | Temple   | Entered the Ecumenical Temple
  4396 | D:4      | Reached skill level 5 in Long Blades
  4665 | D:4      | Found a shimmering altar of Xom.
  4827 | D:4      | Noticed an ogre
  4850 | D:4      | Killed an ogre
  4851 | D:4      | Reached skill level 6 in Long Blades
  4851 | D:4      | Reached XP level 6. HP: 40/40 MP: 8/8
  5132 | D:5      | Entered Level 5 of the Dungeon
  5302 | D:5      | Noticed Edmund
  5332 | D:6      | Reached skill level 7 in Long Blades
  5351 | D:6      | Reached XP level 7. HP: 13/44 MP: 6/9
  5838 | D:4      | Reached skill level 8 in Long Blades
  7098 | D:5      | Reached skill level 9 in Long Blades
  7098 | D:5      | Reached XP level 8. HP: 23/49 MP: 10/10
  8063 | D:5      | Reached skill level 1 in Throwing
  8578 | D:5      | Reached skill level 10 in Long Blades
  8580 | D:5      | Noticed a wraith
  8689 | D:4      | Killed Edmund
  9132 | D:5      | Found an ancient bone altar of Kikubaaqudgha.
  9250 | D:5      | Reached XP level 9. HP: 52/54 MP: 2/11
  9725 | D:5      | Found a transporter.
  9725 | D:5      | Noticed SirDiesAlot's ghost (amateur MiDe)
  9726 | D:5      | Found a transporter.
  9726 | D:5      | Identified the +6 great mace "No More Talking" {drain, rF-
                  | rN+ Int+6 Dex+3}
  9888 | D:5      | Found a hazy altar of Hepliaklqana.
 10020 | D:6      | Reached skill level 11 in Long Blades
 10020 | D:6      | Reached skill level 5 in Throwing
 10417 | D:6      | Reached skill level 1 in Bows
 10763 | D:6      | Identified the +0 chain mail of the Slorg {rElec rPois
                  | Dex+3 Stlth+}
 10921 | D:6      | Found a burning altar of Makhleb.
 11076 | D:6      | Found a snail-covered altar of Cheibriados.
 11159 | D:6      | Reached skill level 1 in Stealth
 11936 | D:7      | HP: 3/81 [poisoned by a water moccasin]
 11938 | D:7      | HP: 1/81 [poisoned by a water moccasin]
 11939 | D:7      | Succumbed to a water moccasin's poison

Illustrated notes

Levels and vault maps discovered:
D:1:      matt_arrival_spirals, layout_basic,
          dreamdust_ecumenical_altar_hidden_monk_grotto,
          hangedman_decor_clover_reticule, minmay_heptomino_d4
D:2:      layout_basic
D:3:      layout_basic, jmf_multi_god_temple2, grunt_decor_arrowhead,
          uniq_jessica, uniq_ijyb
D:4:      layout_basic, old_standard_altar, minmay_temple_entry_poolview,
          st_stairs_10
D:5:      layout_cave_pools, mainiacjoe_overflow_alcove_2,
          kiku_gazebo_pond_becter, gammafunk_ghost_smash, serial_undead,
          serial_undead_e, serial_undead_e, serial_undead_f, serial_undead_f,
          serial_undead_b, serial_undead_e, serial_undead_e,
          chequers_serial_rivers_small_3, uniq_edmund
D:6:      layout_basic, slow_altar_2, makhleb_heckhound_becter
D:7:      layout_loops_ring, okawaru_altar_gauntlet_db
Temple:   kb_temple_of_zot

Skill      XL: |  1  2  3  4  5  6  7  8  9 |
---------------+----------------------------+-----
Fighting       | 4 5 |  5.0
Long Blades    | 4 6 7 9 10 11 | 11.5
Throwing       | 4 5 |  5.1
Bows           | 3 |  3.0
Stealth        | 1 |  1.9
Spellcasting   | |  1.0
Fire Magic     | |  3.2

Action                   |  1- 3 |  4- 6 |  7- 9 || total
-------------------------+-------+-------+-------++-------
Melee: Falchion          |   109 |   105 |   278 ||   492
       Kick              |    18 |    25 |    67 ||   110
       Peck              |    13 |    11 |    46 ||    70
Throw: Dart              |     4 |    22 |     7 ||    33
 Cast: Scorch            |       |     1 |    51 ||    52
Invok: Foxfire Swarm     |       |     1 |       ||     1
Evoke: Wand              |       |     1 |     4 ||     5
  Use: Potion            |       |     4 |     4 ||     8
       Scroll            |       |     6 |     2 ||     8
Armor: Robe              |    26 |       |       ||    26
       Ring mail         |     3 |    22 |    65 ||    90
       Skin              |       |    19 |     2 ||    21
       Chain mail        |       |       |     8 ||     8
Dodge: Dodged            |    84 |    53 |   164 ||   301
Block: Other             |     2 |    26 |    63 ||    91
       Reflection        |       |     1 |       ||     1

Table legend: (Time is in decaauts)
 A = Elapsed time spent in this place.
 B = Non-inter-level travel time spent in this place.
 C = Inter-level travel time spent in this place.
 D = Time resting spent in this place.
 E = Time spent auto-exploring this place.
 F = Levels seen in this place.
 G = Mean time per level.
                   A        B        C        D        E       F      G
               +--------+--------+--------+--------+--------+-----+--------+
         Total |  11563 |  11167 |    396 |   2423 |   7094 |   8 | 1445.4 |
       Dungeon |  11465 |  11082 |    383 |   2423 |   7016 |   7 | 1637.9 |
        Temple |     98 |     85 |     13 |      0 |     78 |   1 |   98.0 |
               +--------+--------+--------+--------+--------+-----+--------+

Top non-repeatable levels by time:
     D:4: 3251 daAuts
     D:5: 1657 daAuts
     D:3: 1594 daAuts
     D:6: 1530 daAuts
     D:1: 1513 daAuts
     D:2: 1464 daAuts
     D:7: 454 daAuts
  Temple: 98 daAuts
